 Seeded DCSS version 0.30.1-3-gfc49f6343a (webtiles) character file.

Game seed: 6351066067085065685 (custom seed)

19667 Esekla the Thaumaturge (level 12, -8/66 HPs)
             Began as a Deep Elf Necromancer on Aug 10, 2023.
             Was an Initiate of Vehumet.
             Mangled by a red ugly thing (19 damage)
             ... on level 12 of the Dungeon.
             The game lasted 01:28:29 (12393 turns).

Esekla the Thaumaturge (Deep Elf Necromancer)      Turns: 12393, Time: 01:28:29

Health: -8/66      AC:  8    Str:  5    XL:     12   Next: 38%
Magic:  21/32      EV: 14    Int: 31    God:    Vehumet [......]
Gold:   412        SH:  5    Dex: 15    Spells: 10/39 levels left

rFire   . . .        a - +6 scimitar
rCold   + . .        H - +0 buckler
rNeg    . . .        W - +0 troll leather armour
rPois   +            M - +1 helmet
rElec   .            I - +0 cloak
rCorr   .            l - +0 pair of gloves
SInv    .            (no boots)
Will    +....        A - amulet of magic regeneration
Stlth   ++           j - ring of Descent {rPois rC+ Int+5 Stlth-}
HPRegen 1.11/turn    Y - ring of the Mage {Wiz Archmagi}
MPRegen 0.63/turn

%: wizardry (x1), archmagi
@: studying Fighting
A: no striking features
a: Renounce Religion


You were on level 12 of the Dungeon.
You worshipped Vehumet.
Vehumet was noncommittal.
You visited 1 branch of the dungeon, and saw 12 of its levels.
You also visited: Trove and Bailey.

You collected 1126 gold pieces.
You spent 714 gold pieces at shops.

Inventory:

Hand Weapons
 a - a +6 scimitar (weapon)
 r - a +4 trident of venom
 s - the +5 rapier of the Hero {heavy, rN+ Dex+3}
   (You found it on level 3 of the Dungeon)

   Dex:       It affects your dexterity (+3).
   rN:        It protects you from negative energy.
 w - a +0 dagger of holy wrath
 P - a +5 long sword
Missiles
 c - 47 poisoned darts (quivered)
 x - 5 throwing nets
 J - 2 boomerangs
 K - 6 curare-tipped darts
 V - 2 javelins
Armour
 l - a +0 pair of gloves (worn)
 H - a +0 buckler (worn)
 I - a +0 cloak (worn)
 M - a +1 helmet (worn)
 W - a +0 troll leather armour (worn)
Jewellery
 j - the ring of Descent (left hand) {rPois rC+ Int+5 Stlth-}
   (You found it in a treasure trove)

   [ring of protection from cold]

   Int:       It affects your intelligence (+5).
   rC:        It protects you from cold.
   rPois:     It protects you from poison.
   Stlth:     It makes you less stealthy.
 A - an amulet of magic regeneration (around neck)
 L - the ring of Akemeir {Fire Str+4}
   (You found it in a treasure trove)

   [ring of fire]

   It enhances your fire magic.
   Str:       It affects your strength (+4).
   rF:        It protects you from fire.
   rC:        It makes you vulnerable to cold.
 T - an amulet of reflection
 X - a ring of ice
 Y - the ring of the Mage (right hand) {Wiz Archmagi}
   (You bought it in a shop on level 2 of the Dungeon)

   [ring of wizardry]

   It improves your spell success rate.
   Archmagi:  It increases the power of your magical spells.
Wands
 D - a wand of flame (11)
 F - a wand of roots (24)
 G - a wand of mindburst (9)
 R - a wand of charming (6)
 Z - a wand of digging (16)
Scrolls
 e - 4 scrolls of fear
 f - 2 scrolls of poison
 m - a scroll of immolation {unknown}
 p - 2 scrolls of amnesia
 q - 2 scrolls of enchant armour {unknown}
 t - 2 scrolls of fog
 v - 5 scrolls of blinking
 y - a scroll of summoning {unknown}
 z - 2 scrolls of silence
 C - a scroll of magic mapping {unknown}
 E - 4 scrolls of teleportation
 O - 3 scrolls of acquirement
 Q - a scroll of vulnerability {unknown}
 S - 3 scrolls of enchant weapon
Potions
 b - 2 potions of magic
 d - 3 potions of ambrosia
 g - 8 potions of attraction
 h - 2 potions of heal wounds
 i - 3 potions of mutation
 k - 10 potions of curing
 n - a potion of might {unknown}
 o - 5 potions of haste
 u - 5 potions of brilliance
 B - 2 potions of lignification
 N - a potion of cancellation {unknown}
 U - 2 potions of degeneration {unknown}


   Skills:
 - Level 3.8 Fighting
 + Level 4.7(5.1) Short Blades
 + Level 2.3(3.6) Long Blades
 + Level 2.7 Throwing
 * Level 1.3 Armour
 * Level 9.1 Dodging
 + Level 6.6 Stealth
 - Level 3.5 Shields
 * Level 14.1 Spellcasting
 + Level 6.2 Conjurations
 + Level 10.6 Necromancy
 + Level 4.0 Translocations
 + Level 4.7 Transmutations
 * Level 1.1 Ice Magic
 + Level 4.0 Air Magic
 + Level 3.3 Poison Magic
 + Level 0.1 Evocations


You had 10 spell levels left.
You knew the following spells:

 Your Spells              Type           Power      Damage    Failure   Level
c - Mephitic Cloud        Conj/Pois/Air  66%        N/A       1%          3
d - Vampiric Draining     Necr           93%        2d12      1%          3
e - Searing Ray           Conj           100%       2d8       1%          2
i - Irradiate             Conj/Tmut      35%        3d23      8%          5
k - Airstrike             Air            31%        2d(5-21)  4%          4
t - Teleport Other        Tloc           63%        N/A       1%          3
v - Poisonous Vapours     Pois/Air       100%       N/A       1%          2
w - Wereblood             Tmut           67%        N/A       1%          2
z - Freezing Cloud        Conj/Ice/Air   31%        6-21      14%         5

Your spell library contained the following spells:

 Spells                   Type           Power      Damage    Failure   Level
 Necrotise                Necr           100%       1d9       1%          1
 Lesser Beckoning         Tloc           100%       N/A       1%          2
 Sublimation of Blood     Necr           93%        N/A       1%          2
 Gell's Gravitas          Tloc           63%        N/A       1%          3
 Hailstorm                Conj/Ice       61%        3d13      1%          3
 Spider Form              Tmut/Pois      63%        N/A       1%          3
 Animate Dead             Necr           93%        N/A       1%          4
 Agony                    Necr           93%        N/A       1%          5
 Cause Fear               Hex            16%        N/A       24%         4
 Summon Mana Viper        Hex/Summ       32%        N/A       52%         5
 Summon Hydra             Summ           16%        N/A       100%        7


Dungeon Overview and Level Annotations

Branches:
Dungeon (12/15)            Temple (0/1) D:6            Lair (0/5) D:11
    Orc (0/2) D:10         Bailey (visited)

Altars:
Dithmenos
Fedhas
Hepliaklqana
Nemelex Xobeh
Okawaru
Qazlal
Ru
Trog
Uskayaw
Vehumet
Zin
The Shining One

Shops:
D:2 =   D:4 (   D:11 *


Message History

You feel life coursing into your body. The red ugly thing closely misses you.
a - a +6 scimitar (weapon)
Casting: Vampiric Draining (safe; 1% risk of failure)
Confirm with . or Enter, or press ? or * to list all spells.
Aiming: Vampiric Draining (safe; 1% risk of failure)
Press: ? - help, Shift-Dir - straight line, f/p - red ugly thing
Aim: a red ugly thing (moderately wounded)
You feel a surge of power!
You draw life force from the red ugly thing!
You feel life coursing into your body. The red ugly thing kicks you.
You are engulfed in flames!!
Casting: Vampiric Draining (safe; 1% risk of failure)
Confirm with . or Enter, or press ? or * to list all spells.
Aiming: Vampiric Draining (safe; 1% risk of failure)
Press: ? - help, Shift-Dir - straight line, f/p - red ugly thing
Aim: a red ugly thing (heavily wounded)
You feel a surge of power!
You draw life force from the red ugly thing!
You feel life coursing into your body. The red ugly thing misses you.
Casting: Vampiric Draining (safe; 1% risk of failure)
Confirm with . or Enter, or press ? or * to list all spells.
Aiming: Vampiric Draining (safe; 1% risk of failure)
Press: ? - help, Shift-Dir - straight line, f/p - red ugly thing
Aim: a red ugly thing (severely wounded)
You feel a surge of power!
You draw life force from the red ugly thing!
You feel life coursing into your body. The red ugly thing kicks you.
You are engulfed in flames!!
* * * LOW HITPOINT WARNING * * *
Casting: Vampiric Draining (safe; 1% risk of failure)
Confirm with . or Enter, or press ? or * to list all spells.
Aiming: Vampiric Draining (safe; 1% risk of failure)
Press: ? - help, Shift-Dir - straight line, f/p - red ugly thing
Aim: a red ugly thing (severely wounded)
You feel a surge of power!
You draw life force from the red ugly thing!
You feel life coursing into your body. The red ugly thing kicks you.
* * * LOW HITPOINT WARNING * * *
You are engulfed in flames!!
You die...

#####'###
####...#
#....###
##+#####
###'######
#......#
#........#
#......#
#........+
#......'
+........#
+......#
#........#
#......#
#....@...#
#......#
#....u...#
########
#........#
#...)....#
##########


You could see a red ugly thing.

Vanquished Creatures
  Harold (D:9)
  3 two-headed ogres
  Lodul (D:11)
  Pikel (D:6)
  2 orc knights (Bailey)
  5 cyclopes
  Joseph (D:7)
  2 gargoyles
  Psyche (D:11)
  A rime drake (D:11)
  A kobold demonologist (D:9)
  A polar bear (D:11)
  5 trolls
  4 centaur simulacra (D:11)
  A vampire (D:12)
  A wraith (D:12)
  2 basilisks
  9 yaks (D:10)
  2 steam dragons
  3 wyverns
  Menkaure (D:7)
  6 ice beasts
  A sky beast (D:6)
  9 orc warriors
  2 black bears
  11 ogres
  2 centaurs
  7 wolves
  A phantom (D:7)
  Blork the orc (D:5)
  4 kobold brigands
  4 gnoll sergeants
  An earth elemental (D:11)
  2 bullfrogs
  2 scorpions (D:5)
  10 wights
  21 killer bees
  2 howler monkeys (D:10)
  An electric eel (D:11)
  2 quasits
  2 gnoll boudas
  6 hounds
  A jelly (D:6)
  Crazy Yiuf (D:7)
  7 orc priests
  A sleepcap (D:5)
  5 iguanas
  11 orc wizards
  30 gnolls
  9 adders
  3 shadow imps (D:8)
  9 white imps
  4 ufetubi
  A worm (D:4)
  3 dart slugs
  55 orcs
  6 ball pythons
  4 bats
  4 endoplasms
  9 goblins
  7 hobgoblins
  A quokka (D:1)
  4 frilled lizards
  21 kobolds
  A rat (D:2)
342 creatures vanquished.

Vanquished Creatures (others)
  An orc priest (D:11)
1 creature vanquished.

Grand Total: 343 creatures vanquished

Notes
Turn   | Place    | Note
-------+----------+-------------------------------------------
     0 | D:1      | Esekla the Deep Elf Necromancer began the quest for the
                  | Orb.
     0 | D:1      | Reached XP level 1. HP: 10/10 MP: 6/6
   158 | D:1      | Reached skill level 5 in Necromancy
   238 | D:1      | Reached XP level 2. HP: 13/15 MP: 8/8
   404 | D:4      | Found an iron altar of Okawaru.
   416 | D:4      | Found a glowing silver altar of Zin.
   497 | D:4      | Found a radiant altar of Vehumet.
   501 | D:4      | Became a worshipper of Vehumet
   663 | D:3      | Identified the +5 rapier of the Hero {heavy, rN+ Dex+3}
   753 | D:2      | Found Renulab's Jewellery Shop.
  1004 | D:3      | Reached XP level 3. HP: 19/19 MP: 9/9
  1013 | D:3      | Learned a level 3 spell: Vampiric Draining
  1254 | D:2      | Reached skill level 1 in Short Blades
  1317 | D:2      | Noticed a black bear
  1323 | D:2      | Killed a black bear
  1324 | D:2      | Reached XP level 4. HP: 21/24 MP: 3/11
  1324 | D:2      | Reached XP level 5. HP: 24/28 MP: 3/12
  1431 | D:2      | Found a faded altar of an unknown god.
  1571 | D:1      | Reached * piety under Vehumet
  1571 | D:1      | Offered knowledge of Sandblast by Vehumet.
  1687 | D:1      | Reached skill level 4 in Spellcasting
  2016 | D:3      | Found a stormy altar of Qazlal.
  2019 | D:3      | Found a hazy altar of Hepliaklqana.
  2019 | D:3      | Found a bloodstained altar of Trog.
  2316 | D:4      | Found Ponaysk's Antique Weapon Boutique.
  2493 | D:4      | Found a glowing golden altar of the Shining One.
  2521 | D:4      | Reached XP level 6. HP: 29/32 MP: 6/14
  2744 | D:4      | Learned a level 3 spell: Teleport Other
  2954 | D:5      | Entered Level 5 of the Dungeon
  3002 | D:5      | Found a shadowy altar of Dithmenos.
  3050 | D:5      | Got the Parchment of the Lumpy Olives
  3118 | D:5      | Offered knowledge of Searing Ray by Vehumet.
  3137 | D:5      | Learned a level 2 spell: Searing Ray
  3210 | D:5      | Reached ** piety under Vehumet
  3332 | D:5      | Reached skill level 5 in Spellcasting
  3332 | D:5      | Reached XP level 7. HP: 31/36 MP: 8/16
  3335 | D:5      | Reached skill level 5 in Stealth
  3435 | D:5      | Reached skill level 5 in Dodging
  3435 | D:5      | Reached skill level 1 in Translocations
  3438 | D:5      | Reached skill level 1 in Conjurations
  3799 | D:6      | Noticed Blork the orc
  3878 | D:6      | Found a staircase to the Ecumenical Temple.
  3908 | D:6      | Reached XP level 8. HP: 28/41 MP: 10/18
  4016 | D:6      | Noticed Pikel
  4098 | D:6      | Found a blossoming altar of Fedhas.
  4109 | D:6      | Reached skill level 6 in Spellcasting
  4115 | D:6      | Reached skill level 1 in Throwing
  4360 | D:5      | Killed Blork the orc
  4572 | D:6      | Killed Pikel
  4573 | D:6      | Reached skill level 7 in Spellcasting
  4808 | D:7      | Reached XP level 9. HP: 45/45 MP: 22/22
  4813 | D:7      | Offered knowledge of Mephitic Cloud by Vehumet.
  4814 | D:7      | Reached skill level 8 in Spellcasting
  4818 | D:7      | Learned a level 3 spell: Mephitic Cloud
  4843 | D:7      | Noticed Menkaure
  4849 | D:7      | Killed Menkaure
  4959 | D:7      | Found a runed translucent door.
  4960 | D:7      | Noticed Crazy Yiuf
  5407 | D:7      | Reached *** piety under Vehumet
  5408 | D:7      | Reached skill level 1 in Poison Magic
  5514 | D:7      | Killed Crazy Yiuf
  5559 | D:7      | Noticed Joseph
  5595 | D:7      | Killed Joseph
  5596 | D:7      | Reached skill level 9 in Spellcasting
  5596 | D:7      | Reached skill level 1 in Air Magic
  6127 | D:8      | Reached skill level 1 in Shields
  6354 | D:7      | Offered knowledge of Inner Flame by Vehumet.
  6548 | D:8      | Noticed a two-headed ogre
  6760 | D:8      | Found a hide-covered altar of Uskayaw.
  6770 | D:8      | Reached **** piety under Vehumet
  6821 | D:8      | Offered knowledge of Irradiate by Vehumet.
  6830 | D:8      | Learned a level 5 spell: Irradiate
  6914 | D:8      | Found a transporter.
  6914 | D:8      | Found a transporter.
  6918 | D:8      | Found a transporter.
  6918 | D:8      | Found a transporter.
  7240 | D:9      | Noticed a two-headed ogre
  7270 | D:9      | Killed a two-headed ogre
  7271 | D:9      | Reached XP level 10. HP: 50/50 MP: 25/25
  7362 | D:9      | Found a flagged portal.
  7388 | Bailey   | Entered a bailey
  7409 | Bailey   | Reached skill level 1 in Long Blades
  7510 | Bailey   | Reached skill level 1 in Transmutations
  7527 | Bailey   | Identified the +2 bardiche of Puhoisos {heavy, rElec
                  | Stlth+}
  7702 | Bailey   | Noticed an orc knight
  7702 | Bailey   | Noticed an orc knight
  7740 | Bailey   | Killed an orc knight
  7755 | Bailey   | Killed an orc knight
  7756 | Bailey   | Reached skill level 10 in Spellcasting
  8048 | D:9      | Reached skill level 5 in Conjurations
  8062 | D:9      | Noticed a smoke demon
  8065 | D:9      | Noticed an orange demon
  8143 | D:9      | Found a sparkling altar of Nemelex Xobeh.
  8177 | D:9      | Reached skill level 1 in Fighting
  8248 | D:9      | Noticed Harold
  8385 | D:9      | Killed Harold
  8386 | D:9      | Reached skill level 11 in Spellcasting
  8439 | D:9      | Noticed a cyclops
  8503 | D:9      | Killed a cyclops
  8504 | D:9      | Reached XP level 11. HP: 39/56 MP: 28/28
  8817 | D:10     | Entered Level 10 of the Dungeon
  8850 | D:10     | Found a staircase to the Orcish Mines.
  8883 | D:10     | Reached ***** piety under Vehumet
  8897 | D:10     | Offered knowledge of Airstrike by Vehumet.
  8927 | D:10     | Reached skill level 12 in Spellcasting
  8956 | D:10     | Learned a level 4 spell: Airstrike
  9100 | D:10     | Found a sacrificial altar of Ru.
  9697 | D:11     | Reached skill level 10 in Necromancy
  9874 | D:11     | Noticed Lodul
 10370 | D:11     | Found Fagafuf's Pet Rocks.
 10388 | D:11     | Reached skill level 13 in Spellcasting
 10590 | D:11     | Killed Lodul
 10591 | D:11     | Reached XP level 12. HP: 56/66 MP: 31/31
 10630 | D:11     | Found a staircase to the Lair.
 10954 | D:2      | Bought the ring of the Mage {Wiz Archmagi} for 714 gold
                  | pieces
 10954 | D:2      | Found the ring of the Mage {Wiz Archmagi}
 11273 | D:8      | Killed a two-headed ogre
 11424 | D:11     | Reached skill level 1 in Armour
 11481 | D:11     | Got Simple Magic
 11503 | D:11     | Noticed Psyche
 11505 | D:11     | Noticed a two-headed ogre
 11510 | D:11     | Killed Psyche
 11521 | D:11     | Killed a two-headed ogre
 11522 | D:11     | Reached skill level 14 in Spellcasting
 11818 | D:12     | Learned a level 2 spell: Wereblood
 11942 | D:12     | Found a portal to a secret trove of treasure.
 11954 | Trove    | Entered a treasure trove
 11963 | Trove    | Identified the ring of Akemeir {Fire Str+4}
 11976 | Trove    | Identified the ring of Descent {rPois rC+ Int+5 Stlth-}
 12001 | Trove    | Identified the +3 ring mail "Poady" {+Inv rF+ Dex+2 Slay-4}
 12218 | D:12     | Learned a level 2 spell: Poisonous Vapours
 12224 | D:12     | Learned a level 5 spell: Freezing Cloud
 12244 | D:12     | Reached skill level 1 in Ice Magic
 12393 | D:12     | Mangled by a red ugly thing

Illustrated notes

Levels and vault maps discovered:
D:1:      sevenhm_arrival_forest_fort_small_3, layout_rooms,
          chequers_serial_rivers_room_b, minmay_misc_feat_five
D:2:      layout_loops_ring, dreamdust_ecumenical_altar_angels_and_demons,
          serial_shops, shop
D:3:      layout_basic, grunt_temple_overflow_open, minmay_misc_feat_iff
D:4:      layout_basic, nicolae_overflow_quartered_altars, serial_shops,
          nicolae_diamond_shop
D:5:      layout_loops_ring, lemuel_doored_altar, minmay_misc_feat_rows,
          dreamdust_wishing_well
D:6:      layout_loops_cross, fedhas_altar_fruit_tree,
          minmay_temple_entry_glass, uniq_pikel, uniq_blork_the_orc
D:7:      layout_basic, uniq_menkaure, uniq_joseph, uniq_crazy_yiuf_cottage
D:8:      layout_basic, nicolae_uskayaw_dance_hall, serial_demonic,
          serial_demonic_d, serial_demonic_a, serial_demonic_c,
          serial_demonic_c, nicolae_diode_quadrants
D:9:      layout_irregular_city, kennysheep_little_box, enter_bailey_4,
          minmay_between, uniq_harold
D:10:     layout_basic, nicolae_ru_awakened_eye
D:11:     layout_rooms, hellmonk_lair_entry_icy, serial_ice, serial_ice_j,
          serial_ice_m, serial_ice_o, serial_ice_c, serial_ice_g, serial_ice_f,
          guppyfry_shop_earth, uniq_psyche, uniq_lodul
D:12:     layout_roguey, nicolae_trove_entry_crossroad

Skill      XL: |  1  2  3  4  5  6  7  8  9 10 11 12 |
---------------+-------------------------------------+-----
Necromancy     | 5 6 7 9 10 | 10.6
Dodging        | 3 4 5 6 7 8 9 |  9.1
Stealth        | 3 4 5 6 |  6.6
Short Blades   | 1 2 3 4 |  4.7
Spellcasting   | 4 5 7 9 11 13 14 | 14.1
Translocations | 2 3 4 |  4.0
Conjurations   | 1 3 4 5 6 |  6.2
Throwing       | 1 2 |  2.7
Poison Magic   | 2 3 |  3.3
Air Magic      | 2 3 4 |  4.0
Shields        | 1 2 3 |  3.5
Long Blades    | 1 2 |  2.3
Transmutations | 2 4 |  4.7
Fighting       | 1 3 |  3.8
Armour         | 1 |  1.3
Ice Magic      | 1 |  1.1
Evocations     | |  0.1

Action                     |  1- 3 |  4- 6 |  7- 9 | 10-12 || total
---------------------------+-------+-------+-------+-------++-------
  Melee: Short sword       |    47 |       |       |       ||    47
         Unarmed           |     9 |       |       |       ||     9
         Rapier            |    26 |    92 |   103 |   110 ||   331
         Punch             |       |       |     1 |       ||     1
         Scimitar          |       |       |    36 |   120 ||   156
  Throw: Dart              |       |     2 |    27 |    74 ||   103
         Throwing net      |       |       |     4 |       ||     4
   Cast: Vampiric Draining |     2 |    11 |    41 |   128 ||   182
         Searing Ray       |       |       |    22 |    43 ||    65
         Teleport Other    |       |       |     5 |     1 ||     6
         Mephitic Cloud    |       |       |     7 |    42 ||    49
         Irradiate         |       |       |       |     6 ||     6
         Airstrike         |       |       |       |     3 ||     3
  Evoke: Wand              |       |       |     7 |       ||     7
    Use: Scroll            |       |       |    11 |     6 ||    17
   Stab: Sleeping          |     9 |    11 |     9 |     5 ||    34
         Distracted        |       |       |     2 |       ||     2
         Confused          |       |       |     1 |     9 ||    10
 Armour: Robe              |    27 |    12 |    26 |       ||    65
         Steam dragon scal |       |       |    25 |   101 ||   126
         Troll leather arm |       |       |       |     1 ||     1
  Dodge: Dodged            |    51 |    81 |   169 |   320 ||   621
  Block: Buckler           |       |       |    15 |    97 ||   112
